[Event "Turkey IS Bank Super League 2017"]
[Site "Darica-Kocaeli"]
[Date "2017.07.30"]
[Round "5"]
[White "Nomin-Erdene, Davaademberel"]
[Black "Tanriverdi, Enes"]
[Result "1-0"]
[ECO "B48"]
[WhiteElo "2373"]
[BlackElo "2203"]
[Annotator "NA"]
[PlyCount "111"]
[EventType "team-tourn"]
[EventCountry "TUR"]
[SourceTitle "playchess.com"]
[Source "ChessBase"]
[SourceQuality "1"]
[TimeControl "40/5400+30:1800+30"]

1. e4 c5 2. Nf3 e6 3. d4 cxd4 4. Nxd4 Nc6 5. Nc3 Qc7 6. Be3 a6 7. Qf3 {[%emt 0:00:30] B48: Sicilian: Taimanov: 5 Nc3 Qc7 6 Be3 a6 without Be2} Bd6 8. O-O-O Be5 {[%emt 0:00:00] LiveBook: 81 Games} 9. g3 Nge7 10. Qh5 $146 ({Find the theoretical novelty and annotate with similar games:} 10. Qe2 O-O 11. f4 Bxd4 12. Bxd4 Nxd4 13. Rxd4 e5 14. Rd1 exf4 {1-0 (49) Caruana,F (2813)-Movsesian,S (2677) Douglas 2016}) 10... O-O 11. f4 Bxd4 12. Bxd4 Nxd4 13. Rxd4 b5 14. Be2 Nc6 (14... Bb7 $11) 15. Rd2 ({White should play} 15. Qc5 $14) 15... d6 16. Rhd1 b4 17. Na4 $11 e5 18. Rxd6 Nd4 19. R1xd4 exd4 20. Qc5 Qxc5 21. Nxc5 a5 22. Rxd4 Bh3 23. Bc4 Rfc8 24. Na4 Rd8 25. Bd5 Be6 26. Nc5 Bxd5 27. exd5 Rd6 28. c4 bxc3 29. bxc3 Kf8 30. c4 Rb8 31. Kc2 Ke8 32. Nd3 Rdb6 33. c5 Rb1 34. c6 Rh1 35. c7 Rxh2+ 36. Kc3 Rc8 37. d6 Kd7 38. Nc5+ Kc6 39. d7 Kxc7 40. dxc8=Q+ Kxc8 41. a4 Rg2 42. Rd3 Kc7 43. Ne4 f6 44. Rd5 Kb6 45. Rb5+ Kc6 46. Rxa5 Rg1 47. Rc5+ Kb6 48. a5+ Ka6 49. Kc4 Rd1 50. Nc3 Rg1 51. Nd5 Rxg3 52. Nb4+ Kb7 53. Kb5 h5 54. a6+ Kb8 55. Kb6 Ra3 56. a7+ 1-0

[Event "Turkey IS Bank Super League 2017"]
[Site "Darica-Kocaeli"]
[Date "2017.07.30"]
[Round "5"]
[White "Unuk, Laura"]
[Black "Osmak, Iulija"]
[Result "1-0"]
[ECO "D18"]
[WhiteElo "2343"]
[BlackElo "2353"]
[Annotator "NA"]
[PlyCount "105"]
[EventType "team-tourn"]
[EventCountry "TUR"]
[SourceTitle "playchess.com"]
[Source "ChessBase"]
[SourceQuality "1"]
[TimeControl "40/5400+30:1800+30"]

1. d4 d5 2. c4 c6 3. Nf3 Nf6 4. Nc3 dxc4 5. a4 $11 Bf5 {[%emt 0:00:00] LiveBook: 10757 Games} 6. e3 e6 7. Bxc4 Bb4 8. O-O O-O 9. Nh4 Nbd7 10. f3 c5 11. Na2 Ba5 12. Nxf5 exf5 13. dxc5 Bc7 14. Qc2 Nxc5 15. b4 Ncd7 16. Qxf5 Be5 17. Rb1 Qc7 18. f4 Qxc4 19. fxe5 Nxe5 20. Qxe5 Qxa2 21. Bb2 Ne8 22. Qe4 Qxa4 23. Qxb7 Rd8 24. Bd4 Rd7 25. Qe4 Nc7 26. Ra1 Qxb4 27. Rxa7 Re7 28. Qh4 f6 29. Qh5 Ne6 30. Bc5 Nxc5 31. Rxe7 Na4 32. Qd5+ Kh8 33. Qd7 Nc5 34. Qa7 Rg8 35. Rxf6 Ne4 36. Rf1 Nc3 37. Ref7 Qh4 38. Qc7 Ne2+ 39. Kh1 h6 40. Rf8 Qh5 41. Rxg8+ Kxg8 42. Qc8+ Kh7 43. Qf5+ Qxf5 44. Rxf5 Kg6 45. g4 Nc3 46. Kg2 Ne4 47. h4 Nf6 48. Kf3 h5 49. Rxf6+ gxf6 50. Kf4 hxg4 51. Kxg4 f5+ 52. Kf4 Kf6 53. h5 1-0

[Event "Turkey IS Bank Super League 2017"]
[Site "Darica-Kocaeli"]
[Date "2017.07.30"]
[Round "5"]
[White "Tuncer, Tuna"]
[Black "Gokerkan, Cem Kaan"]
[Result "1-0"]
[ECO "B09"]
[WhiteElo "2274"]
[BlackElo "2321"]
[Annotator "NA"]
[PlyCount "69"]
[EventType "team-tourn"]
[EventCountry "TUR"]
[SourceTitle "playchess.com"]
[Source "ChessBase"]
[SourceQuality "1"]
[TimeControl "40/5400+30:1800+30"]

1. e4 g6 2. d4 Bg7 3. Nc3 d6 4. f4 Nf6 5. a3 O-O 6. Nf3 Na6 7. e5 dxe5 8. fxe5 Nd5 $11 9. Bc4 c6 10. O-O Nac7 11. Qe2 Kh8 12. h3 f6 13. Bd2 Bf5 14. Bb3 Nxc3 15. bxc3 Qd7 16. Rae1 Rae8 17. e6 Qd6 18. g4 Bxe6 19. Bxe6 Nxe6 20. Qxe6 Qg3+ 21. Kh1 Qxh3+ 22. Nh2 f5 23. g5 c5 24. Rf3 Qh4 25. dxc5 Rd8 26. Bf4 Rd5 27. Qxe7 Rxc5 28. Rd1 Rcc8 29. Be5 Rg8 30. Bxg7+ Rxg7 31. Rd8+ Rxd8 32. Qxd8+ Rg8 33. Qf6+ Rg7 34. Re3 h6 35. Re7 1-0

[Event "Turkey IS Bank Super League 2017"]
[Site "Darica-Kocaeli"]
[Date "2017.07.30"]
[Round "5"]
[White "Demircioglu, Emre"]
[Black "Ertan, Can"]
[Result "1-0"]
[ECO "E15"]
[WhiteElo "2265"]
[BlackElo "2377"]
[Annotator "NA"]
[PlyCount "87"]
[EventType "team-tourn"]
[EventCountry "TUR"]
[SourceTitle "playchess.com"]
[Source "ChessBase"]
[SourceQuality "1"]
[TimeControl "40/5400+30:1800+30"]

1. d4 Nf6 2. c4 e6 3. Nf3 b6 4. g3 Ba6 5. b3 Bb4+ 6. Bd2 Be7 7. Nc3 c6 8. e4 d5 9. e5 Ne4 10. cxd5 Nxc3 11. Bxc3 Bxf1 12. Kxf1 Qxd5 13. Kg2 h5 $11 14. h3 Nd7 15. Qe2 O-O 16. Rad1 a5 17. Rhe1 a4 18. b4 a3 19. Kg1 b5 20. Rb1 Nb6 21. Rb3 Ra4 22. Nd2 h4 23. gxh4 f5 24. Qh5 Rf7 25. Kh2 Nd7 26. Nf3 Nf8 27. Bd2 g6 28. Qh6 Rh7 29. Qf4 Qd8 30. Ng5 Bxg5 31. hxg5 Qd5 32. Rc1 Nd7 33. Qe3 Nb6 34. Rc5 Qd7 35. Qf3 Nc4 36. Be3 Ra6 37. Rd3 Kg7 38. Bc1 Rh4 39. Bf4 Ra4 40. Kg3 Rh8 41. Qxc6 Qxc6 42. Rxc6 Rxb4 43. Rc7+ Kg8 44. d5 1-0

[Event "Turkey IS Bank Super League 2017"]
[Site "Darica-Kocaeli"]
[Date "2017.07.30"]
[Round "5"]
[White "Samani, Yamac"]
[Black "Yurtseven, Melih"]
[Result "1-0"]
[ECO "C04"]
[WhiteElo "2263"]
[BlackElo "2353"]
[Annotator "NA"]
[PlyCount "117"]
[EventType "team-tourn"]
[EventCountry "TUR"]
[SourceTitle "playchess.com"]
[Source "ChessBase"]
[SourceQuality "1"]
[TimeControl "40/5400+30:1800+30"]

1. e4 e6 2. d4 d5 3. Nd2 Nc6 4. Ngf3 Nf6 5. e5 Nd7 6. Nb3 Be7 7. Bf4 a5 8. a4 b6 9. h4 Ba6 10. Bxa6 Rxa6 11. Rh3 Ndb8 12. Rg3 Bf8 13. h5 h6 $14 14. c3 Ne7 15. Nh4 Kd7 16. Be3 Kc8 17. Qg4 Qd7 18. Rf3 Nec6 19. Qf4 Nd8 20. Rg3 Nbc6 21. Kf1 Kb8 22. Kg1 Ra8 23. Nc1 Ne7 24. Nd3 Rg8 25. Qg4 g6 26. f4 Rg7 27. Qf3 Ndc6 28. Nf2 Nf5 29. Nxf5 gxf5 30. Rxg7 Bxg7 31. Nd3 Ka7 32. b4 axb4 33. cxb4 Bf8 34. Rb1 Kb7 35. Qd1 Be7 36. Qb3 Kc8 37. Rc1 Kb7 38. Ra1 Qe8 39. Qc3 Bf8 40. Bf2 Be7 41. Qb3 f6 42. Qc3 Rc8 43. Rc1 Na7 44. Qc2 Qxh5 45. b5 c6 46. Qb3 cxb5 47. Rxc8 Kxc8 48. axb5 Qe8 49. Bh4 fxe5 50. Bxe7 Qxe7 51. Nxe5 Qe8 52. Qa3 Kb7 53. Qa6+ Ka8 54. Nc6 Qd7 55. Qxb6 Qb7 56. Qa5 Qd7 57. b6 Kb7 58. bxa7 Qc8 59. Qb5+ 1-0

[Event "Turkey IS Bank Super League 2017"]
[Site "Darica-Kocaeli"]
[Date "2017.07.30"]
[Round "5"]
[White "Yaran, Siar"]
[Black "Sevgi, Volkan"]
[Result "1-0"]
[ECO "A01"]
[WhiteElo "2253"]
[BlackElo "2199"]
[Annotator "NA"]
[PlyCount "105"]
[EventType "team-tourn"]
[EventCountry "TUR"]
[SourceTitle "playchess.com"]
[Source "ChessBase"]
[SourceQuality "1"]
[TimeControl "40/5400+30:1800+30"]

1. b3 e5 2. Bb2 Nc6 3. e3 g6 4. f4 Bg7 5. Nf3 d6 6. Bb5 Bd7 7. O-O f5 8. Na3 Qe7 $11 9. fxe5 Nxe5 10. Bxd7+ Qxd7 11. Nxe5 dxe5 12. Nc4 e4 13. d4 Ne7 14. Qe1 Nd5 15. Rd1 Qe6 16. Na5 Bh6 17. c4 Nxe3 18. d5 Qa6 19. Bxh8 Nxd1 20. Bd4 Ne3 21. Bxe3 Bxe3+ 22. Qxe3 Qxa5 23. g4 O-O-O 24. gxf5 gxf5 25. Qg5 Rf8 26. Rxf5 Qe1+ 27. Kg2 Qe2+ 28. Kh3 Re8 29. Qg4 Qxg4+ 30. Kxg4 e3 31. Rf1 Re4+ 32. Kf3 Rh4 33. Rh1 Rh3+ 34. Kg2 Rh4 35. Re1 Rd4 36. Kf3 b5 37. Kxe3 Rh4 38. c5 Rxh2 39. Kd4 Rd2+ 40. Ke5 Rxa2 41. c6 Rg2 42. Rf1 Rg8 43. Rf7 Re8+ 44. Kd4 Rh8 45. Kc5 h5 46. d6 cxd6+ 47. Kxb5 Kb8 48. Rb7+ Ka8 49. Ka6 Rh6 50. Rxa7+ Kb8 51. Kb6 d5 52. Rg7 Rh8 53. Rb7+ 1-0

[Event "Turkey IS Bank Super League 2017"]
[Site "Darica-Kocaeli"]
[Date "2017.07.30"]
[Round "5"]
[White "Tasdogen, Dincer"]
[Black "Ozates, Tuna"]
[Result "1-0"]
[ECO "B32"]
[WhiteElo "2215"]
[BlackElo "2291"]
[Annotator "NA"]
[PlyCount "143"]
[EventType "team-tourn"]
[EventCountry "TUR"]
[SourceTitle "playchess.com"]
[Source "ChessBase"]
[SourceQuality "1"]
[TimeControl "40/5400+30:1800+30"]

1. e4 c5 2. Nf3 Nc6 3. d4 cxd4 4. Nxd4 e5 5. Nb5 d6 6. c4 Be7 7. N1c3 a6 8. Na3 f5 9. exf5 {[%emt 0:00:00] LiveBook: 267 Games} Bxf5 10. Nc2 Nf6 11. Ne3 Be6 12. g3 O-O 13. Bg2 Qd7 14. O-O b5 15. cxb5 axb5 16. Ncd5 Rab8 17. b3 Bd8 $14 18. Bb2 Nxd5 19. Nxd5 Kh8 20. f4 Bxd5 21. Qxd5 Bb6+ 22. Kh1 Ne7 23. Qd2 Nf5 24. Rae1 Qe8 25. Be4 Nd4 26. fxe5 dxe5 27. Qg5 Qe6 28. Ba3 Rf6 29. Qh5 Rh6 30. Qf7 Rd8 31. Qxe6 Nxe6 32. Rd1 Bd4 33. Kg2 Ng5 34. Bb1 Ne6 35. Rf7 Kg8 36. Re7 Rf8 37. Rd2 Rhf6 38. Rxe6 Rxe6 39. Bxh7+ Kf7 40. Bxf8 Kxf8 41. Be4 b4 42. Rc2 Ra6 43. h4 Rf6 44. h5 Ke7 45. Rc7+ Kf8 46. Rc4 Rf2+ 47. Kh3 Rxa2 48. Rxb4 Ke7 49. Rb7+ Kf6 50. Kg4 Ra7 51. Rb8 Ra1 52. Bd5 Ra5 53. Rf8+ Ke7 54. Rf7+ Ke8 55. Bc4 e4 56. Rf5 Ra1 57. Rf4 Bf6 58. Rxe4+ Kd7 59. b4 Rb1 60. Kf5 Rh1 61. Kg6 Rg1 62. g4 Bc3 63. Be2 Kd6 64. b5 Kd5 65. Re7 Kd6 66. Rxg7 Bxg7 67. Kxg7 Rg2 68. Bd1 Ra2 69. h6 Ra7+ 70. Kg6 Re7 71. Bb3 Re4 72. g5 1-0

[Event "Turkey IS Bank Super League 2017"]
[Site "Darica-Kocaeli"]
[Date "2017.07.30"]
[Round "5"]
[White "Kesgin, Halit Kaan"]
[Black "Ozenir, Ekin Baris"]
[Result "1-0"]
[ECO "B08"]
[WhiteElo "2207"]
[BlackElo "2098"]
[Annotator "NA"]
[PlyCount "109"]
[EventType "team-tourn"]
[EventCountry "TUR"]
[SourceTitle "playchess.com"]
[Source "ChessBase"]
[SourceQuality "1"]
[TimeControl "40/5400+30:1800+30"]

1. e4 Nc6 2. Nf3 d6 3. d4 Nf6 4. Nc3 g6 5. h3 Bg7 6. Be3 O-O 7. Qd2 e5 8. dxe5 Nxe5 {[%emt 0:07:30] LiveBook: 8 Games} 9. O-O-O Nxf3 $14 10. gxf3 Re8 11. Bg5 c6 12. Qxd6 Qxd6 13. Rxd6 Be6 14. h4 Nh5 15. a3 Be5 16. Rd1 f5 17. Ne2 f4 18. Bh3 Bxh3 19. Rxh3 Rac8 20. Rd7 Rc7 21. Rxc7 Bxc7 22. Rh1 Re6 23. Rd1 Rd6 24. Rxd6 Bxd6 25. Kd2 Kf7 26. Kd3 Ke6 27. c4 Ke5 28. b4 Ke6 29. c5 Be5 30. Kc4 Kd7 31. Nc1 Bc7 32. Nd3 Ke6 33. Kc3 Kd7 34. Kd2 a5 35. Ke1 axb4 36. axb4 Ke6 37. Kf1 Kf7 38. Kg2 Kg7 39. Kh3 Bb8 40. Kg4 Nf6+ 41. Kh3 Nh5 42. Kg4 Nf6+ 43. Bxf6+ Kxf6 44. h5 Bc7 45. hxg6 hxg6 46. Nxf4 Bb8 47. Nd3 g5 48. e5+ Kg6 49. f4 gxf4 50. Nxf4+ Kf7 51. Kf5 Ke7 52. Ng6+ Kf7 53. e6+ Ke8 54. f4 Bc7 55. Ke4 1-0

[Event "Turkey IS Bank Super League 2017"]
[Site "Darica-Kocaeli"]
[Date "2017.07.30"]
[Round "5"]
[White "Tofan, Ibrahim"]
[Black "Kiremitciyan, Ari"]
[Result "0-1"]
[ECO "B20"]
[WhiteElo "2194"]
[BlackElo "2240"]
[Annotator "NA"]
[PlyCount "110"]
[EventType "team-tourn"]
[EventCountry "TUR"]
[SourceTitle "playchess.com"]
[Source "ChessBase"]
[SourceQuality "1"]
[TimeControl "40/5400+30:1800+30"]

1. e4 c5 2. b3 b6 3. g3 Bb7 4. Bg2 Nf6 5. d3 e6 6. c4 Be7 7. Nc3 d6 8. Nge2 Nc6 9. d4 cxd4 10. Nxd4 Ne5 11. O-O Qb8 12. f4 Ned7 13. f5 (13. Ba3 $16) 13... e5 14. Nc2 h6 15. Ne3 $14 O-O 16. g4 Nc5 17. Qc2 a6 18. h4 Nh7 19. Qf2 Qd8 20. g5 hxg5 21. Ned5 Nd3 22. Qxb6 Bxd5 23. Nxd5 Nxc1 24. Qxd8 Bxd8 25. Raxc1 gxh4 26. Rfd1 a5 27. Rc3 Rb8 28. Rcd3 Nf6 29. Nc3 Bb6+ 30. Kf1 Bc5 31. Bf3 g5 32. fxg6 fxg6 33. Kg2 g5 34. Kh3 Kh7 35. R1d2 Kh6 36. Re2 Nh5 37. Nd5 Nf4+ 38. Nxf4 Rxf4 39. Bg4 Rbf8 40. Bf5 Kh5 41. Rg2 R8xf5 42. exf5 g4+ 43. Kh2 h3 44. Rgg3 Kh4 45. a3 Bf2 46. Rxh3+ gxh3 47. Rxh3+ Kg5 48. Kg2 Bc5 49. a4 e4 50. Rh8 Kxf5 51. Ra8 e3 52. Re8 Re4 53. Rf8+ Ke5 54. Kf3 Kd4 55. Ke2 Rh4 0-1

[Event "Turkey IS Bank Super League 2017"]
[Site "Darica-Kocaeli"]
[Date "2017.07.30"]
[Round "5"]
[White "Topak, Engin"]
[Black "Karatekin, Tamer"]
[Result "1-0"]
[ECO "B11"]
[WhiteElo "2192"]
[BlackElo "2287"]
[Annotator "NA"]
[PlyCount "79"]
[EventType "team-tourn"]
[EventCountry "TUR"]
[SourceTitle "playchess.com"]
[Source "ChessBase"]
[SourceQuality "1"]
[TimeControl "40/5400+30:1800+30"]

1. e4 c6 2. Nf3 d5 3. Nc3 Bg4 4. h3 Bh5 5. d4 dxe4 6. Nxe4 e6 7. c3 Nd7 8. Bf4 Ndf6 9. Ng3 Bg6 10. Ne5 Ne7 11. Qb3 $14 Nfd5 12. Bd2 Qb6 13. O-O-O Nf5 14. Nxf5 Bxf5 15. g4 Bg6 16. h4 f6 17. h5 Be4 18. f3 fxe5 19. fxe4 Qxb3 20. axb3 Nf6 21. Bc4 exd4 22. Bxe6 Bc5 23. Rhe1 Rd8 24. e5 Nd5 25. cxd4 Bxd4 26. Bg5 Ne7 27. Rf1 Rf8 28. Rxf8+ Kxf8 29. Rf1+ Ke8 30. Rf7 Rd7 31. Rxg7 Rc7 32. Bf6 Be3+ 33. Kb1 Bh6 34. Rxh7 Bf8 35. g5 Nd5 36. Rxc7 Nxc7 37. Bg8 Nd5 38. Bxd5 cxd5 39. h6 Kf7 40. h7 1-0

[Event "Turkey IS Bank Super League 2017"]
[Site "Darica-Kocaeli"]
[Date "2017.07.30"]
[Round "5"]
[White "Yelken, Mustafa"]
[Black "Oksuz, Akin"]
[Result "1-0"]
[ECO "B08"]
[WhiteElo "2171"]
[BlackElo "2165"]
[Annotator "NA"]
[PlyCount "115"]
[EventType "team-tourn"]
[EventCountry "TUR"]
[SourceTitle "playchess.com"]
[Source "ChessBase"]
[SourceQuality "1"]
[TimeControl "40/5400+30:1800+30"]

1. d4 d6 2. Nf3 g6 3. e4 Nf6 4. Nc3 Bg7 5. Be2 a6 6. a4 b6 7. O-O $14 Bb7 8. e5 Nfd7 9. e6 fxe6 10. Ng5 Nf8 11. Bg4 Qd7 12. Nxe6 Nxe6 13. d5 c6 14. Bxe6 Qc7 15. Qf3 Rf8 16. Qh3 h6 17. Qg4 g5 18. Qh5+ Kd8 19. Qg6 Bxc3 20. bxc3 cxd5 21. Qxh6 Nd7 22. Bxg5 Qxc3 23. Qh7 Re8 24. Rae1 Nf6 25. Qg7 Ne4 26. Qxc3 Nxc3 27. Bf7 Kd7 28. Bxe8+ Rxe8 29. a5 bxa5 30. Ra1 a4 31. Rfe1 Bc6 32. f3 d4 33. Bd2 Nd5 34. Kf2 e5 35. h4 Bb5 36. h5 Ke6 37. h6 Kf6 38. Rh1 Rh8 39. h7 Kg7 40. Rh6 Nf6 41. Rah1 e4 42. Bg5 e3+ 43. Kg3 Nxh7 44. Be7 d3 45. cxd3 Bxd3 46. Rxd6 Bc4 47. Rdh6 Bd3 48. Bc5 Re8 49. Bd4+ Kg8 50. Rd6 e2 51. Kf2 a3 52. Bc3 Bc4 53. Rg6+ Kf8 54. Rc6 Bb5 55. Rc7 a2 56. Rcxh7 Bc4 57. Rh8+ Bg8 58. Rxg8+ 1-0

[Event "Turkey IS Bank Super League 2017"]
[Site "Darica-Kocaeli"]
[Date "2017.07.30"]
[Round "5"]
[White "Ererdem, Gani Eren"]
[Black "Tirak, Mert"]
[Result "1-0"]
[ECO "B90"]
[WhiteElo "2090"]
[BlackElo "1909"]
[Annotator "NA"]
[PlyCount "47"]
[EventType "team-tourn"]
[EventCountry "TUR"]
[SourceTitle "playchess.com"]
[Source "ChessBase"]
[SourceQuality "1"]
[TimeControl "40/5400+30:1800+30"]

1. e4 c5 2. Nf3 d6 3. d4 cxd4 4. Nxd4 Nf6 5. Nc3 $11 a6 6. Bd3 e5 7. Nde2 Be6 8. O-O Be7 9. Ng3 g6 10. f4 exf4 11. Bxf4 Nbd7 12. Qd2 Ne5 13. Rae1 h5 14. Nd5 h4 15. Nf5 gxf5 16. Nxe7 Nxe4 17. Bxe4 fxe4 18. Nd5 Bxd5 19. Qxd5 Qe7 20. Bxe5 dxe5 21. Rxf7 Qxf7 22. Qxe5+ Kd7 23. Rd1+ Kc6 24. Rd6+ 1-0

[Event "Turkey IS Bank Super League 2017"]
[Site "Darica-Kocaeli"]
[Date "2017.07.30"]
[Round "5"]
[White "Karagollu, Ahmet"]
[Black "Kinsiz, Onur"]
[Result "1/2-1/2"]
[ECO "B26"]
[WhiteElo "2083"]
[BlackElo "2221"]
[Annotator "NA"]
[PlyCount "61"]
[EventType "team-tourn"]
[EventCountry "TUR"]
[SourceTitle "playchess.com"]
[Source "ChessBase"]
[SourceQuality "1"]
[TimeControl "40/5400+30:1800+30"]

1. e4 d6 2. Nc3 Nf6 3. g3 c5 4. Bg2 Nc6 5. d3 g6 6. h3 Bg7 7. Be3 O-O 8. Qd2 {[%emt 0:01:30] LiveBook: 61 Games} Rb8 9. Nge2 b5 $11 10. Bh6 b4 11. Nd5 e6 12. Bxg7 Kxg7 13. Ne3 Nd4 14. O-O Ng8 15. f4 f5 16. Nxd4 cxd4 17. Nc4 Ba6 18. Qf2 Bxc4 19. Qxd4+ Qf6 20. Qxc4 Rfc8 21. Qb3 Ne7 22. Rae1 Rc5 23. exf5 Nxf5 24. Rxe6 Qf7 25. Ree1 Nxg3 26. d4 Qxb3 27. cxb3 Rc7 28. Rf2 Rbc8 29. Bd5 Nf5 30. Rd2 Rc1 31. Kf2 1/2-1/2

[Event "Turkey IS Bank Super League 2017"]
[Site "Darica-Kocaeli"]
[Date "2017.07.30"]
[Round "5"]
[White "Gundogan, Cem"]
[Black "Uzumcu, Ahmet Utku"]
[Result "0-1"]
[ECO "E73"]
[WhiteElo "2062"]
[BlackElo "2223"]
[Annotator "NA"]
[PlyCount "50"]
[EventType "team-tourn"]
[EventCountry "TUR"]
[SourceTitle "playchess.com"]
[Source "ChessBase"]
[SourceQuality "1"]
[TimeControl "40/5400+30:1800+30"]

1. c4 Nf6 2. Nc3 g6 3. e4 d6 4. d4 Bg7 5. Be2 O-O 6. g4 c5 7. d5 e6 8. g5 {[%emt 0:01:30] LiveBook: 28 Games} Ne8 9. h4 exd5 10. cxd5 Qe7 $11 11. Qd3 Nc7 12. f4 b5 13. f5 gxf5 14. exf5 Bxc3+ 15. bxc3 Qe5 16. Nf3 Qxf5 17. Qxf5 Bxf5 18. Bf4 Nxd5 19. Bxd6 Re8 20. Kd2 Nxc3 21. Kxc3 Rxe2 22. Rhe1 Rc2+ 23. Kb3 Nc6 24. Bc7 c4+ 25. Ka3 Rc3+ 0-1

[Event "Turkey IS Bank Super League 2017"]
[Site "Darica-Kocaeli"]
[Date "2017.07.30"]
[Round "5"]
[White "Kaplan, Ebru"]
[Black "Isgandarova, Khayala"]
[Result "1-0"]
[ECO "C08"]
[WhiteElo "2022"]
[BlackElo "2257"]
[Annotator "NA"]
[PlyCount "175"]
[EventType "team-tourn"]
[EventCountry "TUR"]
[SourceTitle "playchess.com"]
[Source "ChessBase"]
[SourceQuality "1"]
[TimeControl "40/5400+30:1800+30"]

1. e4 e6 2. d4 d5 3. Nd2 c5 4. Ngf3 Nc6 5. exd5 exd5 6. Bb5 Bd6 7. dxc5 Bxc5 8. O-O Nf6 {[%emt 0:04:30] LiveBook: 8 Games} 9. Nb3 Be7 10. c3 O-O $11 11. Be3 Bg4 12. Be2 Ne4 13. Nfd4 Bd7 14. Qc2 Rc8 15. Rad1 Bd6 16. Nf3 Bf5 17. Qc1 a6 18. Bf4 Nb4 19. Bxd6 Qxd6 20. Nfd4 Bg6 21. a3 Nc6 22. f3 Nf6 23. Bd3 Bxd3 24. Rxd3 Ne5 25. Rdd1 Rfe8 26. Nf5 Qf8 27. Qg5 Kh8 28. Nbd4 Nc4 29. Rf2 Nd7 30. h4 f6 31. Qf4 Nc5 32. h5 Ne5 33. Rfd2 Nc4 34. Rf2 Ne5 35. Qg3 Rc7 36. Qh4 Ned3 37. Rfd2 Ne5 38. Kh1 Nc4 39. Rf2 Ne5 40. Rfd2 Kg8 41. Re2 g6 42. Qg3 Kh8 43. Nh4 Qh6 44. Qh2 Qxh5 45. g4 Qg5 46. f4 Qxg4 47. Rg1 Qh5 48. fxe5 g5 49. Nhf3 Qxh2+ 50. Kxh2 fxe5 51. Rxg5 Rf8 52. Rgxe5 Nd3 53. Re8 Rcf7 54. Ng5 Rf6 55. Rxf8+ Rxf8 56. Rd2 Nf4 57. Nde6 Rf5 58. Nxf4 Rxf4 59. Ne6 Rf5 60. Nc7 Kg7 61. Nxd5 Kf7 62. Kg3 Ke6 63. Nf4+ Ke7 64. Kg4 Rc5 65. Rd4 Re5 66. Rd2 Rc5 67. Rh2 Kd6 68. Rxh7 Rb5 69. Rh2 Kc5 70. Ne6+ Kc4 71. Nd4 Re5 72. Kf4 Re7 73. Nf5 Re6 74. Rd2 b5 75. Nd4 Re1 76. Kf3 a5 77. Re2 Rd1 78. Nc6 a4 79. Nd4 Rd3+ 80. Ke4 Rh3 81. Rf2 Rh4+ 82. Ke5 Rh5+ 83. Kd6 Rh6+ 84. Kc7 Rg6 85. Rf5 Rg7+ 86. Kb6 b4 87. axb4 a3 88. Rc5+ 1-0

[Event "Turkey IS Bank Super League 2017"]
[Site "Darica-Kocaeli"]
[Date "2017.07.30"]
[Round "5"]
[White "Unat, Can Haktan"]
[Black "Bozbey, Ali"]
[Result "0-1"]
[ECO "B07"]
[WhiteElo "2006"]
[BlackElo "2139"]
[Annotator "NA"]
[PlyCount "140"]
[EventType "team-tourn"]
[EventCountry "TUR"]
[SourceTitle "playchess.com"]
[Source "ChessBase"]
[SourceQuality "1"]
[TimeControl "40/5400+30:1800+30"]

1. e4 d6 2. d4 Nf6 3. Bd3 e5 4. c3 Nc6 5. Ne2 Be7 6. d5 Nb8 7. c4 a5 8. b3 Na6 $14 9. Nbc3 Nc5 10. O-O Nh5 11. a3 Bg5 12. Kh1 O-O 13. Bxg5 Qxg5 14. Nb5 Qe7 15. Rc1 f5 16. exf5 Nxd3 17. Qxd3 Bxf5 18. Qe3 c6 19. Nbc3 Nf6 20. Rcd1 Bc2 21. Rc1 Bxb3 22. Nb1 Ba2 23. dxc6 bxc6 24. f3 Bxb1 25. Rxb1 Rab8 26. Rbd1 Qc7 27. Ng3 d5 28. cxd5 cxd5 29. Rc1 Qe7 30. Nf5 Qe6 31. Nd4 Qb6 32. Qxe5 Rbe8 33. Qf4 Ne4 34. Qh4 Qxd4 35. fxe4 dxe4 36. Rfd1 Qe5 37. Re1 e3 38. Qc4+ Kh8 39. Qg4 e2 40. Qg3 Qb5 41. h3 Qb2 42. Qd3 a4 43. Rb1 Qe5 44. Rg1 Qf4 45. Rbe1 Re3 46. Qd7 Qe4 47. Kh2 Qe5+ 48. Kh1 Rxa3 49. Qg4 Re8 50. Qb4 Ra2 51. Qc4 Qe6 52. Qb4 Qe4 53. Qc3 Rc2 54. Qa5 Ra8 55. Qb5 a3 56. Ra1 Rc3 57. Qh5 Ra5 58. Rgb1 Ra8 59. Re1 Re8 60. Ra2 Re3 61. Rd2 g6 62. Qh6 Qb4 63. Qg5 Qxd2 64. Qf6+ Kg8 65. Qh4 Qxe1+ 66. Qxe1 Rd3 67. Kh2 Rd1 68. Qb4 e1=Q 69. Qb3+ Kh8 70. h4 Qxh4+ 0-1

[Event "Turkey IS Bank Super League 2017"]
[Site "Darica-Kocaeli"]
[Date "2017.07.30"]
[Round "5"]
[White "Gundogan, Sinem Cagla"]
[Black "Arda, Cagil Irmak"]
[Result "0-1"]
[ECO "C02"]
[WhiteElo "2000"]
[BlackElo "2080"]
[Annotator "NA"]
[PlyCount "54"]
[EventType "team-tourn"]
[EventCountry "TUR"]
[SourceTitle "playchess.com"]
[Source "ChessBase"]
[SourceQuality "1"]
[TimeControl "40/5400+30:1800+30"]

1. e4 e6 2. d4 d5 3. e5 c5 4. c3 Qb6 5. Nf3 Nc6 6. a3 Nh6 7. b4 cxd4 8. cxd4 Nf5 9. Be3 f6 10. exf6 gxf6 11. Nc3 Nxe3 12. fxe3 $11 Bh6 13. Qd3 Ne7 14. Be2 a5 15. b5 Bd7 16. O-O O-O 17. e4 Rac8 18. Na4 Qd8 19. e5 Ng6 20. Nc5 fxe5 21. Nxe5 Nxe5 22. Qh3 Qg5 23. Nxd7 Qe3+ 24. Qxe3 Bxe3+ 25. Kh1 Nxd7 26. Bg4 Rxf1+ 27. Rxf1 Nf8 0-1

[Event "Turkey IS Bank Super League 2017"]
[Site "Darica-Kocaeli"]
[Date "2017.07.30"]
[Round "5"]
[White "Ozbay, Ece"]
[Black "Celik, Eda"]
[Result "1-0"]
[ECO "B12"]
[WhiteElo "1970"]
[BlackElo "1939"]
[Annotator "NA"]
[PlyCount "115"]
[EventType "team-tourn"]
[EventCountry "TUR"]
[SourceTitle "playchess.com"]
[Source "ChessBase"]
[SourceQuality "1"]
[TimeControl "40/5400+30:1800+30"]

1. e4 c6 2. d4 d5 3. e5 Bf5 4. Nf3 e6 5. Be2 Nd7 {[%emt 0:00:30] LiveBook: 2143 Games} 6. Be3 h6 7. O-O Ne7 8. Nbd2 $11 Bh7 9. c3 Ng6 10. b4 f6 11. exf6 gxf6 12. Bd3 e5 13. Bxg6+ Bxg6 14. Nh4 Bf7 15. f4 e4 16. f5 Bd6 17. Ng6 Bxg6 18. fxg6 Qe7 19. Qh5 Qg7 20. c4 dxc4 21. Nxe4 Be7 22. Rae1 O-O-O 23. Ng3 Bxb4 24. Nf5 Qg8 25. Rb1 Ba3 26. Bc1 Bf8 27. g7 Rh7 28. gxf8=Q Qxf8 29. Bxh6 Qa3 30. Rf3 Qxa2 31. Nd6+ Kb8 32. Rff1 Nb6 33. Nf7 Rg8 34. g3 Nd5 35. Rbe1 Ka8 36. Nd6 Re7 37. Rxe7 Nxe7 38. Re1 Qa3 39. Rxe7 Qxd6 40. Re8+ Rxe8 41. Qxe8+ Qb8 42. Qxb8+ Kxb8 43. Bd2 Kc7 44. Kf2 Kd6 45. Ke3 Ke6 46. Kf4 f5 47. Kg5 b6 48. Kg6 a5 49. h4 a4 50. h5 a3 51. h6 a2 52. Bc3 b5 53. h7 b4 54. Ba1 c3 55. h8=Q c2 56. Qg8+ Kd6 57. Qc4 b3 58. Qc3 1-0